 Dungeon Crawl Stone Soup version 0.27.1-33-g824d729ab1 (webtiles) character file.

Game seed: 4561706243967920223

406 Teslajakalope the Skirmisher (level 6, -1/56 HPs)
             Began as a Minotaur Fighter on Dec 31, 2021.
             Was an Initiate of Trog.
             Slain by a scorpion (2 damage)
             ... on level 5 of the Dungeon.
             The game lasted 00:11:35 (3489 turns).

Teslajakalope the Skirmisher (Minotaur Fighter)     Turns: 3489, Time: 00:11:36

Health: -1/56      AC:  7    Str: 29    XL:     6   Next: 56%
Magic:  5/5        EV:  8    Int:  5    God:    Trog [......]
Gold:   278        SH: 10    Dex:  9    Spells: 5/5 levels left

rFire    . . .     SeeInvis .   a - +0 war axe
rCold    . . .     Faith    .   c - +0 kite shield
rNeg     . . .     Spirit   .   b - +0 scale mail
rPois    .         Reflect  .   (helmet restricted)
rElec    .         Harm     .   (no cloak)
rCorr    .         Rampage  .   (no gloves)
Will     .....                  (no boots)
Stlth    ..........             (no amulet)
HPRegen  0.18/turn              l - +6 ring of strength
MPRegen  0.09/turn              (no ring)

@: lethally poisoned (-1 -> -9)
A: horns 2, retaliatory headbutt
a: Renounce Religion


You were on level 5 of the Dungeon.
You worshipped Trog.
Trog was noncommittal.
You visited 1 branch of the dungeon, and saw 5 of its levels.
You also visited: Sewer.

You collected 278 gold pieces.

Inventory:

Hand Weapons
 a - a +0 war axe (weapon)
Missiles
 m - 10 poisoned darts (quivered)
Armour
 b - a +0 scale mail (worn)
 c - a +0 kite shield (worn)
Jewellery
 l - a +6 ring of strength (left hand)
Wands
 k - a wand of acid (7)
 x - a wand of digging (4)
Scrolls
 f - 4 scrolls of teleportation {unknown}
 h - a scroll of vulnerability {unknown}
 i - a scroll of magic mapping {unknown}
 o - a scroll of amnesia {unknown}
 q - a scroll of acquirement {unknown}
 r - a scroll of blinking {unknown}
 s - a scroll of fog {unknown}
Potions
 d - 2 potions of might
 e - 2 potions of ambrosia {unknown}
 g - a potion of heal wounds {unknown}
 j - a potion of resistance {unknown}
 n - a potion of degeneration {unknown}
 p - a potion of invisibility {unknown}
 t - a potion of magic {unknown}
 u - a potion of attraction {unknown}
 v - a potion of curing {unknown}
 w - a potion of cancellation {unknown}


   Skills:
 + Level 5.3 Fighting
 + Level 5.2 Axes
 - Level 0.1 Throwing
 + Level 5.2 Armour
 - Level 1.1 Dodging
 - Level 0.2 Stealth
 - Level 5.0 Shields


You had 5 spell levels left.
You didn't know any spells.
Your spell library contained the following spells:

 Spells                   Type           Power      Damage    Failure   Level
 Slow                     Hex            0%         N/A       99%         2
 Confusing Touch          Hex            0%         N/A       100%        3
 Vampiric Draining        Necr           0%         2d6       100%        3


Dungeon Overview and Level Annotations

Branches:
Dungeon (5/15)             Temple (0/1) D:4           Sewer (visited)

Altars:
Gozag
Makhleb
Trog
Uskayaw
Vehumet
Yredelemnul

Annotations:
D:3 1 runed translucent door, Crazy Yiuf
D:5 Prince Ribbit


Innate Abilities, Weirdness & Mutations

You have a pair of horns on your head.
You reflexively headbutt those who attack you in melee.


Message History

A scorpion is nearby!
A centaur skeleton is nearby!
A centaur skeleton is nearby!
A centaur skeleton is nearby!
The scorpion stings you but does no damage.
The scorpion stings you.
You are poisoned.
The scorpion poisons you!
You closely miss the scorpion.
You feel very sick. You block the scorpion's attack.
The scorpion stings you but does no damage.
You barely miss the scorpion.
You headbutt the scorpion, but do no damage.
You feel sick. The scorpion stings you.
* * * LOW HITPOINT WARNING * * *
You are lethally poisoned!
The scorpion poisons you! The scorpion closely misses you.
You block the centaur skeleton's attack. x2
You slash the scorpion!
You headbutt the scorpion, but do no damage.
The scorpion is heavily wounded.
You hit the centaur skeleton.
* * * LOW HITPOINT WARNING * * *
You feel very sick.
The centaur skeleton closely misses you.
You block the centaur skeleton's attack.
The scorpion closely misses you. You furiously retaliate!
You headbutt the scorpion, but do no damage.
You barely miss the scorpion. Your headbutt misses the scorpion.
The scorpion is heavily wounded.
You slash the centaur skeleton!
* * * LOW HITPOINT WARNING * * *
You feel very sick.
You block the centaur skeleton's attack. x2
You block the scorpion's attack.
The centaur skeleton hits you but does no damage.
The centaur skeleton kicks you but does no damage.
The scorpion stings you.
You die...

.... .... .....
..... ...... #
###......
###.#####........
#....@Z...#
##....s####
#............
#.....#####..
#.....# #.....# .
####.## ##. #..
#... ## #.#.#


You could see a scorpion and a centaur skeleton.

Vanquished Creatures
  Purgy (Sewer)
  A hound (D:4)
  An iguana (D:5)
  2 orc wizards (D:3)
  A hound skeleton (D:4)
  Robin (D:3)
  2 gnolls
  3 adders
  An ufetubus (D:4)
  3 worms
  3 dart slugs
  4 orcs
  4 ball pythons
  11 bats
  5 endoplasms
  3 giant cockroaches
  7 hobgoblins
  16 jackals
  3 quokkas
  8 frilled lizards
  12 goblins
  7 kobolds
  7 rats
106 creatures vanquished.

Notes
Turn   | Place    | Note
-------+----------+-------------------------------------------
     0 | D:1      | Teslajakalope the Minotaur Fighter began the quest for the
                  | Orb.
     0 | D:1      | Reached XP level 1. HP: 19/19 MP: 0/0
    39 | D:1      | Reached XP level 2. HP: 22/27 MP: 1/1
   333 | D:1      | Reached XP level 3. HP: 6/33 MP: 2/2
   858 | D:1      | Found a faded altar of an unknown god.
  1742 | D:2      | Reached XP level 4. HP: 40/40 MP: 3/3
  2128 | D:3      | Found a bloodstained altar of Trog.
  2132 | D:3      | Noticed Robin
  2144 | D:3      | Killed Robin
  2145 | D:3      | Reached XP level 5. HP: 44/47 MP: 4/4
  2148 | D:3      | Found a burning altar of Makhleb.
  2234 | D:3      | Found a basalt altar of Yredelemnul.
  2234 | D:3      | Found a hide-covered altar of Uskayaw.
  2237 | D:3      | Found a radiant altar of Vehumet.
  2428 | D:3      | Found a glowing drain.
  2444 | Sewer    | Entered a sewer
  2494 | Sewer    | Noticed Purgy
  2509 | Sewer    | Killed Purgy
  2510 | Sewer    | Reached skill level 1 in Dodging
  2510 | Sewer    | Reached XP level 6. HP: 40/55 MP: 5/5
  2940 | D:3      | Found a runed translucent door.
  2941 | D:3      | Noticed Crazy Yiuf
  3022 | D:4      | Reached skill level 5 in Fighting
  3022 | D:4      | Reached skill level 5 in Axes
  3022 | D:4      | Reached skill level 5 in Shields
  3039 | D:4      | Found a staircase to the Ecumenical Temple.
  3072 | D:4      | Found an opulent altar of Gozag.
  3147 | D:4      | Reached skill level 5 in Armour
  3370 | D:3      | Became a worshipper of Trog the Wrathful
  3400 | D:5      | Entered Level 5 of the Dungeon
  3434 | D:5      | Noticed Prince Ribbit
  3489 | D:5      | HP: 1/56 [poisoned by a scorpion]
  3489 | D:5      | Slain by a scorpion

Illustrated notes

Levels and vault maps discovered:
D:1:      dpeg_arrival_boxorama, layout_rooms, ebering_ecumenical_altar_ruins
D:2:      layout_loops_cross
D:3:      layout_loops_ring, nicolae_overflow_hidden_temple,
          cheibrodos_sewer_entry_sluice, uniq_crazy_yiuf_cottage, uniq_robin
D:4:      layout_rooms, amcnicky_altar_gilded, minmay_temple_entry_purple_smoke
D:5:      layout_rooms, lemuel_mausoleum_altar_kikubaaqudgha, roderic_batcave,
          grunt_tough_drop, uniq_pikel, uniq_prince_ribbit1

Skill      XL: |  1  2  3  4  5  6 |
---------------+-------------------+-----
Fighting       | 4 5 |  5.3
Shields        | 4 5 |  5.0
Armour         | 4 5 |  5.2
Axes           | 3 4 5 |  5.2
Dodging        | 1 |  1.1
Throwing       | |  0.1
Stealth        | |  0.2

Action                   |  1- 3 |  4- 6 || total
-------------------------+-------+-------++-------
Melee: War axe           |    89 |   140 ||   229
       Headbutt          |    20 |    23 ||    43
Throw: Dart              |       |     2 ||     2
Armor: Scale mail        |    53 |    87 ||   140
Dodge: Dodged            |    33 |    55 ||    88
Block: Kite shield       |    66 |    98 ||   164
